Map: Scythe of Amon

Players

Titanos

  • Race: Terran Terran
  • Spawn Location: 5:00

NamroodTuo

  • Race: Terran Terran
  • Spawn Location: 5:00

VOD

Have the link to the VOD?

Description

Time

  • Played on: Feb. 8, 2023, 12:16 p.m.
  • Length: 25:05
Show
View Real Time Build Order
Export as new Build Order

Titanos Terran 

Build Orders:  

Get SALT Encoding   

  12  0:13  SCV  
  13  0:30  SCV  
  13  0:37  Supply Depot  
  14  0:51  Refinery  
  14  0:52  SCV  
  15  1:07  Supply Depot  
  15  1:09  SCV  
  16  1:26  SCV  
  17  1:40  Supply Depot  
  17  1:43  SCV  
  18  2:00  SCV  
  19  2:17  SCV  
  20  2:26  Barracks  
  20  2:28  Refinery  
  20  2:33  SCV  
  21  2:50  SCV  
  22  3:03  Marine  
  22  3:07  SCV  
  24  3:16  Marine  
  25  3:20  Barracks  
  25  3:24  SCV  
  25  3:28  Marine  
  27  3:41  Marine  
  28  3:56  Barracks Tech Lab  
  29  4:00  Barracks Reactor  
  29  4:07  Unknown  
  29  4:09  Supply Depot  
  29  4:18  Marine  
  29  4:31  Medic  
  31  4:41  Supply Depot  
  31  4:43  Medic  
  33  4:52  Marine x2  
  33  4:55  Medic  
  37  5:04  Marine  
  37  5:05  Marine  
  37  5:08  Medic  
  41  5:13  SCV  
  41  5:14  Supply Depot  
  41  5:17  Marine x2  
  44  5:27  Medic  
  44  5:29  Marine  
  46  5:30  Marine, SCV  
  49  5:42  Marine x2  
  49  5:47  SCV  
  52  5:52  Medic  
  52  5:54  Marine x2  
  52  5:57  Unknown  
  56  6:04  SCV, Medic  
  56  6:07  Marine  
  56  6:09  Marine  
  61  6:17  Marauder  
  63  6:33  Supply Depot  
  63  6:54  Barracks  
  63  7:03  Marauder  
  63  7:04  Supply Depot  
  63  7:06  Marine x2  
  67  7:19  Marine x2  
  69  7:31  Marauder  
  69  7:33  Marine x2  
  73  7:43  Supply Depot  
  73  7:46  Marine, Marauder  
  76  7:57  Barracks Tech Lab  
  76  8:00  Medic  
  78  8:13  Medic  
  80  8:27  Supply Depot  
  80  8:58  Supply Depot  
  80  10:12  Marauder  
  80  10:16  Medic  
  80  10:19  Marine x2  
  86  10:27  Marauder  
  86  10:29  Medic  
  90  10:31  Marine x2  
  92  10:41  Medic  
  92  10:42  Marauder  
  92  10:44  Marine x2  
  98  10:53  Medic  
  98  10:56  Marine, Marauder  
  103  11:12  Supply Depot  
  103  11:28  Engineering Bay  
  103  11:33  Stabilizer Medpacks  
  103  11:36  Concussive Shells  
  103  11:42  Marine x2, Medic, Marauder  
  103  11:45  Supply Depot  
  109  11:54  Marine x2  
  111  12:14  Marine x2, Medic  
  111  12:15  Marauder  
  117  12:27  Medic  
  119  13:10  Marine x2, Medic  
  119  13:11  Marauder  
  78  13:23  Medic  
  80  13:35  Medic  
  75  14:04  Marine x2  
  75  14:09  Medic  
  77  14:13  Marauder  
  77  14:16  Marine x2  
  77  14:17  Terran Infantry Weapons Level 1  
  83  14:22  Medic  
  83  14:28  Marauder, Supply Depot x2, Marine  
  83  14:29  Marine  
  89  14:34  Medic  
  91  14:41  Marine x2  
  91  14:43  Marauder  
  91  14:46  Medic  
  97  14:58  Marauder  
  97  14:59  Medic, Supply Depot  
  101  15:00  Supply Depot  
  101  15:13  Marauder  
  103  16:57  Terran Infantry Armor Level 1  
  103  17:05  Marine x2  
  103  17:08  Medic  
  107  17:12  Marauder  
  107  17:17  Marine x2  
  107  17:18  Supply Depot  
  111  17:21  Medic  
  111  17:22  Supply Depot  
  111  17:27  Marauder  
  115  17:30  Marine x2  
  115  17:33  Medic  
  119  17:42  Marine x2, Marauder  
  119  17:46  Medic  
  125  17:50  Supply Depot  
  125  17:54  Supply Depot  
  125  17:57  Marauder  
  125  17:58  Medic  
  129  18:04  Marine x2  
  131  18:11  Medic  
  131  18:12  Marauder  
  131  18:16  Marine  
  131  18:17  Marine  
  137  18:23  Medic  
  137  18:27  Marauder  
  137  18:29  Marine x2  
  142  18:35  Medic  
  145  18:41  Marine x2  
  145  18:42  Marauder  
  145  18:48  Medic  
  151  19:14  Marine x2  
  151  19:18  Medic  
  155  19:27  Marine x2  
  157  19:30  Medic  
  157  19:39  Marine x2  
  159  19:43  Medic  
  163  19:52  Marine x2  
  163  19:55  Medic  
  167  20:08  Medic  
  164  23:16  Marine x2  
  164  23:19  Medic  
  166  23:23  Marauder  
  166  23:29  Marine x2  
  171  23:32  Medic  
  171  23:38  Marauder  
  174  23:41  Marine x2  
  174  23:44  Medic  
  173  23:53  Marauder, Marine  
  173  23:54  Marine  
  173  23:57  Medic  
  177  24:08  Marauder  
  177  24:09  Medic  
  181  24:23  Marauder  
Show
View Real Time Build Order
Export as new Build Order

NamroodTuo Terran 

Build Orders:  

Get SALT Encoding   

  12  0:03  SCV  
  13  0:16  SCV  
  14  0:30  SCV  
  14  0:32  Supply Depot  
  15  0:43  SCV  
  16  0:57  SCV  
  17  1:11  SCV  
  18  1:24  SCV  
  19  1:33  Factory  
  19  1:38  SCV  
  20  1:51  SCV  
  21  2:05  SCV  
  21  2:07  Supply Depot  
  22  2:18  SCV  
  23  2:25  Perdition Turret  
  23  2:32  SCV  
  24  2:41  Perdition Turret  
  24  2:45  SCV  
  25  2:51  Refinery  
  25  2:52  Perdition Turret  
  25  2:56  Refinery  
  25  2:59  SCV  
  26  3:05  Devastation Turret  
  26  3:13  SCV  
  27  3:26  SCV  
  28  3:33  Supply Depot  
  28  3:40  SCV  
  28  3:45  Armory  
  29  3:53  SCV  
  30  4:00  Engineering Bay  
  30  4:07  SCV  
  31  4:20  SCV  
  32  4:40  Supply Depot  
  32  4:49  Devastation Turret  
  32  5:09  Starport  
  32  5:16  Upgrade Laser Drill Level 1  
  32  6:07  Starport Tech Reactor  
  32  6:28  Advanced Optics  
  32  6:31  Starport  
  32  6:48  Pulse Amplifier  
  32  7:13  Starport Tech Reactor  
  32  7:21  Wraith  
  34  7:31  Supply Depot  
  34  7:38  Supply Depot  
  34  7:40  Supply Depot  
  34  7:41  Supply Depot  
  34  7:48  Displacement Field  
  34  7:59  Wraith x2  
  38  8:01  Supply Depot  
  38  8:11  Wraith  
  40  8:28  Regenerative Bio-Steel  
  38  9:03  Fire-Suppression Systems  
  38  9:11  Wraith  
  40  9:27  Spinning Dizzy  
  40  9:32  Spinning Dizzy  
  40  9:58  Terran Vehicle and Ship Weapons Level 1  
  40  10:03  KMC Auto-Loaders  
  40  10:04  Upgrade Laser Drill Level 2  
  40  10:20  SCV  
  41  10:33  SCV  
  42  10:47  SCV  
  42  10:54  Command Center  
  42  11:30  Science Vessel  
  42  11:32  Science Vessel, Wraith  
  48  11:45  SCV  
  49  11:59  SCV  
  48  12:02  Perdition Turret  
  48  12:08  SCV  
  47  12:21  SCV  
  47  12:23  Spinning Dizzy  
  48  12:33  Refinery  
  48  12:35  SCV  
  48  12:38  Terran Vehicle And Ship Armor Level 1  
  49  12:41  Refinery  
  49  12:49  SCV  
  50  13:02  SCV  
  51  13:16  SCV  
  52  13:25  Science Vessel  
  52  13:26  Science Vessel, Wraith x2  
  58  14:06  Wraith x2  
  62  14:11  Perdition Turret  
  56  15:08  Science Vessel x3, Wraith  
  64  16:45  Science Vessel  
  64  16:46  Science Vessel, Wraith x2  
  72  17:26  Wraith x2  
  76  17:33  Wraith  
  54  18:58  Science Vessel, Wraith x2  
  54  18:59  Wraith  
  56  19:31  SCV  
  56  19:38  Wraith x2  
  56  19:39  Wraith  
  61  19:45  SCV  
  61  19:46  Wraith  
  54  19:58  SCV  
  55  20:12  SCV  
  55  20:18  Wraith x3  
  62  20:25  Wraith  
  62  20:26  SCV  
  63  20:58  Science Vessel x2, Wraith  
  61  21:43  Terran Vehicle and Ship Weapons Level 2  
  61  21:45  Hi-Sec Auto Tracking  
  61  21:48  Improved Nano-Repair  
  61  21:49  Defensive Matrix  
  61  22:01  Supply Depot  
  61  22:04  Supply Depot  
  61  22:07  Supply Depot  
  61  22:08  SCV  
  62  22:13  Science Vessel x2  
  62  22:14  Wraith x2  
  70  22:22  SCV  
  71  22:35  SCV  
  71  22:37  Supply Depot  
  71  22:39  Supply Depot x2  
  72  22:44  Perdition Turret  
  72  22:45  Structure Armor  
  72  22:47  Perdition Turret  
  72  22:49  SCV  
  73  22:54  Wraith x2  
  77  23:02  SCV  
  66  23:33  Science Vessel x2  
  66  23:34  Science Vessel x2  
  74  24:44  Perdition Turret  
Tags
 
Commander
RaynorSwann
Matchup
Co-op
Replay Pack
Multiplayer
Add a new tag
Caveats
  • Supply blocks, unpowered buildings, or Contaminate may cause inaccurate times.
  • Supply counts are checked every 10 seconds.